 Dungeon Crawl Stone Soup version 0.24-a0-284-g9fb9971 (webtiles) character file.

Game seed: 9965822319302060673

192 Gildeon the Ruffian (level 5, 0/46 HPs)
             Began as a Ghoul Gladiator on May 4, 2019.
             Was an Initiate of Trog.
             Slain by Grinder (2 damage)
             ... on level 3 of the Dungeon.
             The game lasted 00:07:03 (1741 turns).

Gildeon the Ruffian (Ghoul Gladiator)               Turns: 1741, Time: 00:07:03

Health: 0/46       AC:  6    Str: 19    XL:     5   Next: 71%
Magic:  0/4        EV: 13    Int:  3    God:    Trog [......]
Gold:   42         SH:  0    Dex: 10    Spells: 4/4 levels left

rFire    + . .     SeeInvis .     - Unarmed
rCold    . . .     Gourm    .   (no shield)
rNeg     + + +     Faith    .   a - +0 leather armour
rPois    ∞         Spirit   +   b - +0 helmet
rElec    .         Reflect  .   i - +0 cloak
rCorr    .         Harm     .   (no gloves)
MR       .....     Rnd*Tele +   g - +0 pair of boots
Stlth    +.........             p - amulet of guardian spirit
HPRegen  0.00/turn              t - ring of fire
MPRegen  0.09/turn              u - ring of teleportation (curse)

@: rotting
A: rotting body, claws 1, carnivore, cold resistance 1, negative energy
resistance 3, inhibited regeneration, torment resistance, unbreathing
a: Renounce Religion


You were on level 3 of the Dungeon.
You worshipped Trog.
Trog was noncommittal.
You were not hungry.

You visited 1 branch of the dungeon, and saw 3 of its levels.

You collected 42 gold pieces.

Inventory:

Hand Weapons
 h - a +0 flail
Missiles
 c - 4 throwing nets (quivered)
Armour
 a - a +0 leather armour (worn)
 b - a +0 helmet (worn)
 g - a +0 pair of boots (worn)
 i - a +0 cloak (worn)
Jewellery
 p - an amulet of guardian spirit (around neck)
 t - a ring of fire (left claw)
 u - a cursed ring of teleportation (right claw)
Wands
 n - a wand of scattershot (1)
Scrolls
 e - a scroll of teleportation
Potions
 j - a potion of invisibility
 k - a potion of curing {unknown}
 l - a potion of lignification {unknown}
 m - a potion of heal wounds {unknown}
 o - a potion of cancellation {unknown}
 q - a potion of flight {unknown}
 s - a potion of degeneration {unknown}
Comestibles
 d - a ration
 f - 6 chunks of flesh


   Skills:
 + Level 4.0 Fighting
 - Level 1.7 Throwing
 + Level 3.9 Dodging
 + Level 4.7 Unarmed Combat


You had 4 spell levels left.
You didn't know any spells.
Your spell library was empty.

Dungeon Overview and Level Annotations

Branches:
Dungeon (3/15)

Altars:
Trog

Annotations:
D:3 Grinder


Innate Abilities, Weirdness & Mutations

Your body is rotting away.
You thrive on raw meat.
You are immune to poison.
You have sharp fingernails.
You are carnivorous and can eat meat at any time.
Your flesh is cold resistant. (rC+)
You are immune to negative energy. (rN+++)
You do not regenerate when monsters are visible.
You are immune to unholy pain and torment.
You can survive without breathing.


Message History

Grinder is severely wounded.
Grinder hits you.
* * * LOW HITPOINT WARNING * * *
You closely miss Grinder.
Grinder is severely wounded.
Grinder hits you.
* * * LOW HITPOINT WARNING * * *
You scratch Grinder.
Grinder is almost dead.
Grinder hits you.
* * * LOW HITPOINT WARNING * * *
You completely miss Grinder.
Grinder is almost dead.
Grinder blinks!
Grinder is too close now for your liking.
Grinder blinks!
Grinder gestures at you. You resist with significant effort. Grinder hits you.
You die...

... .. ....# ..
.....#...
####### .#....#
## ##.....#
..+.....
#......###..
###...
#...8..[.+
#.....5.# ...#
#....@.<##...###
..#
#.##....#.......
#..
#.##)#..+.......
#..
#.#....##.......
#..
#.#.....#....>..
#..
#.#.##..#.......
#.. #.#.......#
#.. #.###.#.#.#
#P. #.....#.#.#
#..


You could see Grinder.

Vanquished Creatures
  Ijyb (D:3)
  Terence (D:2)
  A hound skeleton (D:3)
  A worker ant zombie (D:3)
  2 adders
  4 gnolls (D:2)
  2 adder skeletons (D:3)
  2 dart slugs
  2 leopard geckos
  A ball python (D:2)
  4 giant cockroaches
  5 goblins
  5 hobgoblins
  3 jackals (D:2)
  2 quokkas (D:2)
  7 bats
  5 frilled lizards
  3 kobolds
  4 rats
55 creatures vanquished.

Notes
Turn   | Place    | Note
-------+----------+-------------------------------------------
     0 | D:1      | Gildeon the Ghoul Gladiator began the quest for the Orb.
     0 | D:1      | Reached XP level 1. HP: 17/17 MP: 0/0
   151 | D:1      | Reached XP level 2. HP: 15/25 MP: 1/1
   553 | D:1      | You fall through a shaft!
   941 | D:2      | Noticed Terence
   945 | D:2      | Reached XP level 3. HP: 30/30 MP: 2/2
   967 | D:2      | Killed Terence
   967 | D:2      | Reached XP level 4. HP: 21/38 MP: 3/3
  1491 | D:3      | Reached XP level 5. HP: 42/45 MP: 4/4
  1540 | D:3      | Found a bloodstained altar of Trog.
  1572 | D:3      | Became a worshipper of Trog the Wrathful
  1603 | D:3      | Noticed Ijyb
  1617 | D:3      | Killed Ijyb
  1711 | D:3      | Noticed Grinder
  1735 | D:3      | HP: 1/46 [Grinder (3)]
  1741 | D:3      | Slain by Grinder

Levels and vault maps discovered:
D:1:      shiori_shiawase, layout_loops_ring
D:2:      layout_basic, uniq_terence
D:3:      layout_basic, nicolae_overflow_crystal_walls,
          gammafunk_temple_overflow_wave, serial_undead, serial_undead_d,
          serial_undead_d, serial_undead_b, serial_undead_c,
          chequers_ecumenical_altar_grove, uniq_grinder, uniq_ijyb

Skill      XL: |  1  2  3  4  5 |
---------------+----------------+-----
Dodging        | 3 |  3.9
Fighting       | 3 4 |  4.0
Unarmed Combat | 4 |  4.7
Throwing       | |  1.7

Action                   |  1- 3 |  4- 6 || total
-------------------------+-------+-------++-------
Melee: Unarmed           |    87 |   137 ||   224
       Punch             |     1 |       ||     1
  Use: Scroll            |     2 |     2 ||     4
  Eat: Chunk             |     2 |     4 ||     6
Armor: Leather armour    |    30 |    30 ||    60
Dodge: Dodged            |    60 |    94 ||   154

Table legend:
 A = Non-vault XP
 B = Vault XP
 C = Vault XP percentage of total XP
 D = Non-vault monster count
 E = Vault monster count
 F = Vault count percentage of total count
                 A         B        C        D         E       F
            +---------+---------+-------+---------+---------+-------
      Total |     158 |     117 |  42.5 |      49 |       6 |  10.9
            +---------+---------+-------+---------+---------+-------
        D:1 |      26 |       0 |   0.0 |      14 |       0 |   0.0
        D:2 |     100 |      36 |  26.5 |      26 |       1 |   3.7
        D:3 |      32 |      81 |  71.7 |       9 |       5 |  35.7
            +---------+---------+-------+---------+---------+-------
